 Dungeon Crawl Stone Soup version 0.24.0-10-g970556be89 (console) character file.

Game seed: 4800325492857024574, levelgen mode: deterministic

98 AlterAsc the Changer (level 4, -1/35 HPs)
             Began as a Draconian Transmuter on Nov 3, 2019.
             Slain by a hound (4 damage)
             ... on level 4 of the Dungeon.
             The game lasted 00:04:54 (3120 turns).

AlterAsc the Changer (Draconian Transmuter)         Turns: 3120, Time: 00:04:54

Health: -1/35      AC:  5    Str: 13    XL:     4   Next: 43%
Magic:  8/8        EV: 12    Int: 13    God:
Gold:   161        SH:  0    Dex: 12    Spells: 6/9 levels left

rFire    . . .     SeeInvis .     - Unarmed
rCold    . . .     Gourm    .   (no shield)
rNeg     . . .     Faith    .   (armour unavailable)
rPois    .         Spirit   .   (helmet restricted)
rElec    .         Reflect  .   (no cloak)
rCorr    .         Harm     .   (no gloves)
MR       .....                  (no boots)
Stlth    +.........             (no amulet)
HPRegen  0.11/turn              (no ring)
MPRegen  0.11/turn              (no ring)

@: very slightly contaminated
A: unfitting armour, cold-blooded, AC +5
a: no special abilities


You were on level 4 of the Dungeon.
You were not hungry.

You visited 1 branch of the dungeon, and saw 4 of its levels.

You collected 161 gold pieces.

Inventory:

Missiles
 a - 12 arrows
Jewellery
 s - an uncursed ring of poison resistance {unknown}
Scrolls
 b - 3 scrolls of teleportation {unknown}
 d - 2 scrolls of enchant weapon {unknown}
 e - a scroll of random uselessness {unknown}
 i - 2 scrolls of fog {unknown}
 j - a scroll of immolation {unknown}
 k - 8 scrolls of identify {unknown}
 m - a scroll of fear {unknown}
 q - 3 scrolls of remove curse {unknown}
Potions
 f - a potion of might {unknown}
 g - 2 potions of agility {unknown}
 h - 3 potions of lignification {unknown}
 l - a potion of magic {unknown}
 n - a potion of berserk rage {unknown}
 o - 2 potions of flight {unknown}
 r - a potion of degeneration {unknown}
Comestibles
 c - 6 rations


   Skills:
 - Level 1.1 Fighting
 - Level 2.0 Dodging
 - Level 3.0 Unarmed Combat
 + Level 3.3 Spellcasting
 + Level 3.5 Transmutations


You had 6 spell levels left.
You knew the following spells:

 Your Spells              Type           Power        Failure   Level  Hunger
a - Beastly Appendage     Tmut           ##....       5%          1    #......
b - Sticks to Snakes      Tmut           ##......     8%          2    ##.....

Your spell library contained the following spells:

 Spells                   Type           Power        Failure   Level  Hunger
 Spider Form              Tmut/Pois      #.........   32%         3    ###....
 Ice Form                 Ice/Tmut       #.......     71%         4    #####..
 Blade Hands              Tmut           ##........   82%         5    ######.


Dungeon Overview and Level Annotations

Branches:
Dungeon (4/15)
 Temple: D:4-7

Altars:
Ashenzari


Innate Abilities, Weirdness & Mutations

Your plain brown scales are hard. (AC +5)
You cannot fit into any form of body armour.
You are cold-blooded and may be slowed by cold attacks.


Message History

* * * LOW HITPOINT WARNING * * *
You closely miss the hound.
The hound is heavily wounded.
The hound bites you.
* * * LOW HITPOINT WARNING * * *
The hound bites you.
* * * LOW HITPOINT WARNING * * *
You closely miss the hound. You tail-slap the hound.
The hound is heavily wounded.
The hound barely misses you.
You barely miss the hound.
You tail-slap the hound, but do no damage.
The hound is heavily wounded.
The hound bites you.
* * * LOW HITPOINT WARNING * * *
The hound closely misses you.
You miss the hound.
The hound is heavily wounded.
The hound bites you.
You die...

+# ###.##.####
..# #..........
...##.#.#.#..#
....#........#
......#.#.#.####
...............
......#.#.#.#
.........)..####
...###.#@......#
#rh)##.##.#
##### .# . #. ..
.##


You could see a hound and a quokka.

Vanquished Creatures
  3 gnolls (D:4)
  2 worms (D:3)
  3 dart slugs (D:1)
  4 leopard geckos
  2 giant cockroaches
  3 goblins
  7 hobgoblins
  4 jackals
  10 kobolds
  A quokka (D:3)
  3 bats
  7 frilled lizards
  5 rats
54 creatures vanquished.

Notes
Turn   | Place    | Note
-------+----------+-------------------------------------------
     0 | D:1      | AlterAsc the Draconian Transmuter began the quest for the
                  | Orb.
     0 | D:1      | Reached XP level 1. HP: 16/16 MP: 3/3
    87 | D:1      | Reached XP level 2. HP: 13/23 MP: 3/5
   618 | D:1      | Reached XP level 3. HP: 24/28 MP: 4/6
   971 | D:2      | Learned a level 2 spell: Sticks to Snakes
  2323 | D:3      | Found a shattered altar of Ashenzari.
  2411 | D:3      | Reached XP level 4. HP: 33/35 MP: 6/8
  3120 | D:4      | Slain by a hound

Levels and vault maps discovered:
D:1:      lemuel_arrival_tunnels, layout_basic
D:2:      layout_basic, minmay_indecisive_spiral
D:3:      layout_basic, nicolae_overflow_quartered_altars, first_ration,
          evilmike_ruin_ashenzari
D:4:      layout_loops_corners, led_sif_pool, serial_glass, glass_columns_c,
          glass_columns_b, glass_columns_b, glass_columns_c, item_on_display_a,
          minmay_strange_pillars, minmay_misc_feat_rows

Skill      XL: |  1  2  3 |
---------------+----------+-----
Dodging        | 2 |  2.0
Transmutations | 3 |  3.5
Spellcasting   | 3 |  3.3
Fighting       | |  1.1
Unarmed Combat | |  3.0

Action                   |  1- 3 |  4- 6 || total
-------------------------+-------+-------++-------
Melee: Unarmed           |   164 |    26 ||   190
       Kick              |     6 |     2 ||     8
       Tailslap          |    11 |     5 ||    16
       Headbutt          |    10 |     1 ||    11
       Punch             |     2 |     1 ||     3
 Cast: Beastly Appendage |    32 |     3 ||    35
  Eat: Chunk             |     5 |     3 ||     8
Armor: Skin              |    54 |     7 ||    61
Dodge: Dodged            |    94 |    15 ||   109
